 Dungeon Crawl Stone Soup version 0.30.1-4-g462c640d31 (webtiles) character file.

Game seed: 14458957923598404702

413 Bobit the Charlatan (level 6, -1/51 HPs)
             Began as a Gnoll Wanderer on Aug 13, 2023.
             Was a Follower of the Shining One.
             Slain by a goblin
             ... wielding a +0 club
              (3 damage)
             ... on level 4 of the Dungeon.
             The game lasted 00:06:15 (2464 turns).

Bobit the Charlatan (Gnoll Wanderer)                Turns: 2464, Time: 00:06:16

Health: -1/51      AC:  3    Str: 14    XL:     6   Next: 90%
Magic:  11/11      EV: 12    Int:  7    God:    the Shining One [*.....]
Gold:   231        SH:  0    Dex: 21    Spells: 12/12 levels left

rFire   . . .        a - +3 quarterstaff
rCold   . . .        (shield currently unavailable)
rNeg    . . .        d - +0 leather armour
rPois   .            (no helmet)
rElec   .            (no cloak)
rCorr   .            (no gloves)
SInv    .            (no boots)
Will    .....        (no amulet)
Stlth   +            q - +6 ring of dexterity
HPRegen 0.28/turn    (no ring)
MPRegen 0.12/turn

%: no passive effects
@: confused, glowing
A: fangs 1, strong nose, distributed training
a: Renounce Religion, Divine Shield


You were on level 4 of the Dungeon.
You worshipped the Shining One.
The Shining One was aware of your devotion.
You visited 1 branch of the dungeon, and saw 4 of its levels.

You collected 231 gold pieces.

Inventory:

Hand Weapons
 a - a +3 quarterstaff (weapon)
Armour
 d - a +0 leather armour (worn)
 p - a +0 leather armour
Jewellery
 q - a +6 ring of dexterity (left hand)
Wands
 n - a wand of roots (9)
Scrolls
 c - 2 scrolls of summoning
 f - 3 scrolls of identify {unknown}
 g - a scroll of enchant armour {unknown}
 h - a scroll of immolation {unknown}
 k - a scroll of poison {unknown}
 m - a scroll of fog {unknown}
 o - a scroll of teleportation {unknown}
Potions
 e - a potion of might {unknown}
 i - 2 potions of curing {unknown}
 j - a potion of magic {unknown}
 l - 2 potions of resistance {unknown}
 r - a potion of heal wounds {unknown}
 s - a potion of mutation {unknown}
Miscellaneous
 b - a piece from Xom's chessboard (15/15) (quivered)


   Skills:
 + Level 5.1 Fighting
 + Level 2.2 Short Blades
 + Level 2.2 Long Blades
 + Level 2.2 Axes
 + Level 2.2 Maces & Flails
 + Level 2.2 Polearms
 + Level 6.9 Staves
 + Level 2.2 Ranged Weapons
 + Level 2.2 Throwing
 + Level 2.2 Armour
 + Level 2.2 Dodging
 + Level 3.3 Stealth
 + Level 2.2 Shields
 + Level 2.2 Unarmed Combat
 + Level 3.6 Spellcasting
 + Level 1.8 Conjurations
 + Level 1.8 Hexes
 + Level 1.8 Summonings
 + Level 1.8 Necromancy
 + Level 1.8 Translocations
 + Level 1.8 Transmutations
 + Level 1.8 Fire Magic
 + Level 1.8 Ice Magic
 + Level 1.8 Air Magic
 + Level 1.8 Earth Magic
 + Level 1.8 Poison Magic
 + Level 2.5 Invocations
 + Level 6.9 Evocations


You had 12 spell levels left.
You didn't know any spells.
Your spell library contained the following spells:

 Spells                   Type           Power      Damage    Failure   Level
 Magic Dart               Conj           12%        1d3       19%         1
 Call Imp                 Summ           6%         N/A       28%         2
 Ensorcelled Hibernation  Hex/Ice        6%         N/A       28%         2
 Mephitic Cloud           Conj/Pois/Air  3%         N/A       50%         3
 Spider Form              Tmut/Pois      3%         N/A       50%         3
 Anguish                  Hex/Necr       1%         N/A       88%         4


Dungeon Overview and Level Annotations

Branches:
Dungeon (4/15)
 Temple: D:4-7

Altars:
Nemelex Xobeh
The Shining One


Innate Abilities, Weirdness & Mutations

You have very sharp teeth.
Your uncanny sense of smell can sniff out nearby items.
Your experience applies equally to all skills.


Message History

The howler monkey barely misses you.
You barely miss the howler monkey.
The howler monkey is severely wounded.
The howler monkey hoots and howls with incredible vigour!
You hear an angry hiss.
You hear a bark!
You hear a shout! x4
You barely miss the howler monkey.
The howler monkey is severely wounded.
The howler monkey misses you.
Unknown command.
You sock the howler monkey!
You kill the howler monkey!
The orc wizard casts a spell at you. The puff of flame misses you.
The orc wizard hits you with a +0 dagger.
Items here: )) †††.
You barely miss the orc wizard.
You hit the orc wizard but do no damage.
The orc wizard barely misses you.
You completely miss the orc wizard.
The orc wizard points at you and mumbles some strange words.
The magic dart hits you!
* * * LOW HITPOINT WARNING * * *
A goblin comes into view. It is wielding a +0 club.
You hit the orc wizard.
The orc wizard is moderately wounded.
The orc wizard casts a spell at you. The magic dart hits you.
* * * LOW HITPOINT WARNING * * *
You sock the orc wizard! Your bite misses the orc wizard.
The orc wizard is almost dead.
The orc wizard casts a spell at you.
You are confused.
You thump the orc wizard!
You kill the orc wizard!
Reactivating autopickup.
The goblin barely misses you.
You barely miss the goblin. The goblin hits you with a +0 club.
* * * LOW HITPOINT WARNING * * *
You bump into the rock wall.
The goblin hits you with a +0 club.
You die...

..#......................#
....................
....## ...........#
...#.###.#..# #..........#
#...........# ####....#.#
..#.###.#..# #<.[.#.#
##.#.#)#.#..##
#......###..#.###.#...##
##....###.........)....#
#.....)@....#.###.#.....
##....g#..#....(.....#..
###..##..##..####...##.
#.....###.##.........
#....## ...#.#..#...#
##.#.. ....#.........
###...#..##......... #...#
###...###... ### #### ##..


You could see a goblin.

Vanquished Creatures
  Eustachio (D:4)
  An ogre (D:4)
  A howler monkey (D:4)
  An orc wizard (D:4)
  4 adders
  An ufetubus (D:4)
  3 worms
  A dart slug (D:1)
  3 orcs
  2 bats
  8 endoplasms
  A giant cockroach (D:1)
  7 goblins
  7 hobgoblins
  3 quokkas
  5 ball pythons
  3 frilled lizards
  7 kobolds
  5 rats
64 creatures vanquished.

Notes
Turn   | Place    | Note
-------+----------+-------------------------------------------
     0 | D:1      | Bobit the Gnoll Wanderer began the quest for the Orb.
     0 | D:1      | Bobit set off with the following items: a +3 quarterstaff,
                  | a piece from Xom's chessboard (15/15), a scroll of
                  | summoning, a +0 leather armour.
     0 | D:1      | Reached XP level 1. HP: 20/20 MP: 4/4
    24 | D:1      | HP: 1/20 [frozen (4)]
   139 | D:1      | Reached XP level 2. HP: 26/26 MP: 5/5
   419 | D:1      | Reached XP level 3. HP: 31/31 MP: 7/7
   830 | D:2      | Reached skill level 1 in Invocations
   839 | D:2      | Found a faded altar of an unknown god.
   957 | D:2      | Prayed at the altar of an unknown god.
   957 | D:2      | Became a worshipper of the Shining One
   957 | D:2      | Reached * piety under the Shining One
  1216 | D:2      | Reached skill level 1 in Short Blades
  1216 | D:2      | Reached skill level 1 in Long Blades
  1216 | D:2      | Reached skill level 1 in Axes
  1216 | D:2      | Reached skill level 1 in Maces & Flails
  1216 | D:2      | Reached skill level 1 in Polearms
  1216 | D:2      | Reached skill level 1 in Ranged Weapons
  1216 | D:2      | Reached skill level 1 in Throwing
  1216 | D:2      | Reached skill level 1 in Armour
  1216 | D:2      | Reached skill level 1 in Dodging
  1216 | D:2      | Reached skill level 1 in Shields
  1216 | D:2      | Reached skill level 1 in Unarmed Combat
  1289 | D:2      | Reached XP level 4. HP: 32/38 MP: 8/8
  1561 | D:3      | Reached skill level 1 in Conjurations
  1561 | D:3      | Reached skill level 1 in Hexes
  1561 | D:3      | Reached skill level 1 in Summonings
  1561 | D:3      | Reached skill level 1 in Necromancy
  1561 | D:3      | Reached skill level 1 in Translocations
  1561 | D:3      | Reached skill level 1 in Transmutations
  1561 | D:3      | Reached skill level 1 in Fire Magic
  1561 | D:3      | Reached skill level 1 in Ice Magic
  1561 | D:3      | Reached skill level 1 in Air Magic
  1561 | D:3      | Reached skill level 1 in Earth Magic
  1561 | D:3      | Reached skill level 1 in Poison Magic
  1846 | D:3      | Found a sparkling altar of Nemelex Xobeh.
  2026 | D:4      | Noticed Eustachio
  2039 | D:4      | Killed Eustachio
  2040 | D:4      | Reached XP level 5. HP: 21/43 MP: 7/10
  2040 | D:4      | Reached XP level 6. HP: 25/50 MP: 7/11
  2404 | D:4      | Reached skill level 5 in Fighting
  2463 | D:4      | HP: 2/51 [goblin/+0 club (4)]
  2464 | D:4      | Slain by a goblin

Illustrated notes

Levels and vault maps discovered:
D:1:      dpeg_arrival_stonehenge_8_columns, layout_basic
D:2:      layout_loops_ring, chequers_ecumenical_altar_grove
D:3:      layout_rooms, mainiacjoe_overflow_24_doors,
          chequers_serial_rivers_large_a
D:4:      layout_cave_pools, portal_sewer_entry_f, minmay_surrounded,
          uniq_eustachio, uniq_robin, uniq_edmund

Skill      XL: |  1  2  3  4  5  6 |
---------------+-------------------+-----
Invocations    | 1 2 |  2.5
Short Blades   | 1 2 |  2.2
Long Blades    | 1 2 |  2.2
Axes           | 1 2 |  2.2
Maces & Flails | 1 2 |  2.2
Polearms       | 1 2 |  2.2
Ranged Weapons | 1 2 |  2.2
Throwing       | 1 2 |  2.2
Armour         | 1 2 |  2.2
Dodging        | 1 2 |  2.2
Shields        | 1 2 |  2.2
Unarmed Combat | 1 2 |  2.2
Spellcasting   | 3 |  3.6
Conjurations   | 1 |  1.8
Hexes          | 1 |  1.8
Summonings     | 1 |  1.8
Necromancy     | 1 |  1.8
Translocations | 1 |  1.8
Transmutations | 1 |  1.8
Fire Magic     | 1 |  1.8
Ice Magic      | 1 |  1.8
Air Magic      | 1 |  1.8
Earth Magic    | 1 |  1.8
Poison Magic   | 1 |  1.8
Stealth        | 3 |  3.3
Fighting       | 5 |  5.1
Staves         | |  6.9
Evocations     | |  6.9

Action                     |  1- 3 |  4- 6 || total
---------------------------+-------+-------++-------
  Melee: Quarterstaff      |    90 |    75 ||   165
         Bite              |     9 |     6 ||    15
 Invoke: Divine Shield     |       |     1 ||     1
   Stab: Sleeping          |     3 |       ||     3
 Armour: Leather armour    |    17 |    15 ||    32
  Dodge: Dodged            |    42 |    44 ||    86
  Block: Other             |       |     7 ||     7
